Crazy comeback from losing tiger

Match 31651353
End
Engineer Squad
Selects Airborne Battlegroup
Selects Heavy Machine Gun Paradrop
Heavy Machine Gun Paradrop
Construct Barracks
M1 Mortar Team
Riflemen Squad
Air Support Center
Riflemen Squad
M1918 Browning Automatic Rifles
Selects Paratrooper Squad Paradrop
Paratrooper Squad Paradrop
Paratrooper Squad Paradrop
Construct Tank Depot
Selects Recon Loiter
P-47 Strafing Run
Selects Supply Drop
Riflemen Squad
P-47 Dive Bomb
M4(105) Sherman Bulldozer
Supply Drop
Paratrooper Squad Paradrop
Paratrooper Squad Paradrop
P-47 Strafing Run
M18 Hellcat Tank Destroyer
.30 cal Machine Gun
Selects Carpet Bombing Run
Supply Drop
P-47 Dive Bomb
Supply Drop
M18 Hellcat Tank Destroyer
M18 Hellcat Tank Destroyer
Recon Loiter
Carpet Bombing Run
M4A1 Sherman Medium Tank
Supply Drop
Carpet Bombing Run
P-47 Dive Bomb
M18 Hellcat Tank Destroyer
Supply Drop
M4(105) Sherman Bulldozer
Carpet Bombing Run
P-47 Dive Bomb
Paratrooper Squad Paradrop
P-47 Strafing Run
Heavy Machine Gun Paradrop
M18 Hellcat Tank Destroyer
Supply Drop
Engineer Squad
Carpet Bombing Run
M4A1 Sherman Medium Tank
HURON
Windorca
Clakey
Generick
XRayCat
MoriMusic
0
0

Comments sign in to comment!

No comments posted yet!